 Dungeon Crawl Stone Soup version 0.31-a0-662-g684573625c (webtiles) character file.

Game seed: 16966406896735000583

86443 KarmaKiller the Basher (level 15, -25/122 HPs)
             Began as a Demonspawn Berserker on Aug 29, 2023.
             Was a High Priest of Trog.
             Killed from afar by a lindwurm (35 damage)
             ... with a blast of flame
             ... on level 1 of the Vaults on Aug 31, 2023.
             The game lasted 02:51:56 (26561 turns).

KarmaKiller the Basher (Demonspawn Berserker)      Turns: 26561, Time: 02:51:56

Health: -25/122    AC: 38    Str: 23    XL:     15   Next: 40%
Magic:  15/15      EV: 14    Int: 11    God:    Trog [*****.]
Gold:   554        SH:  8    Dex: 12    Spells: 14/14 levels left

rFire   . . .        x - +1 demon whip (drain)
rCold   . . .        I - +2 buckler {AC+3}
rNeg    . . .        L - +0 plate armour {rPois}
rPois   +            R - +0 helmet
rElec   .            E - +1 cloak
rCorr   .            s - +0 pair of gloves
SInv    .            P - +1 pair of boots
Will    +....        o - amulet of the acrobat Stlth
                     Z - ring of the Tortoise {AC+8}
HPRegen 0.40/turn    H - +5 ring of evasion
MPRegen 0.14/turn

%: acrobat
@: mighty, on berserk cooldown
A: yellow scales 2, demonic guardian 3, condensation shield
a: Renounce Religion, Berserk, Trog's Hand, Brothers in Arms


You were on level 1 of the Vaults.
You worshipped Trog.
Trog was extremely pleased with you.
You visited 4 branches of the dungeon, and saw 21 of its levels.

You collected 1992 gold pieces.
You spent 1438 gold pieces at shops.

Inventory:

Hand Weapons
 x - a +1 demon whip of draining (weapon)
Armour
 s - a +0 pair of gloves (worn)
 v - a +0 kite shield
 E - a +1 cloak (worn)
 I - a +2 buckler of protection (worn)
 L - a +0 plate armour of poison resistance (worn)
 P - a +1 pair of boots (worn)
 R - a +0 helmet (worn)
Jewellery
 g - an amulet of regeneration
 j - an amulet of reflection
 k - a +6 ring of strength
 o - an amulet of the acrobat (around neck)
 G - a +6 ring of dexterity
 H - a +5 ring of evasion (right hand)
 K - an amulet of faith
 M - a ring of protection from cold
 Q - a ring of protection from fire
 V - a ring of fire
 Z - the ring of the Tortoise (left hand) {AC+8}
   (You found it on level 9 of the Dungeon)

   [ring of protection]

   AC+8:      It affects your AC (+8).
Talismans
 u - a beast talisman
 A - a maw talisman
 X - a granite talisman
Wands
 c - a wand of digging (2)
 r - a wand of iceblast (31)
 y - a wand of charming (12)
 B - a wand of flame (27)
 O - a wand of polymorph (8)
 U - a wand of light (2)
Scrolls
 e - 2 scrolls of acquirement
 p - 7 scrolls of poison
 t - a scroll of amnesia
 z - 2 scrolls of torment
 S - a scroll of fog
 W - a scroll of immolation
Potions
 d - 6 potions of mutation
 f - a potion of cancellation
 n - a potion of enlightenment
 q - a potion of berserk rage {unknown}
Miscellaneous
 m - a phantom mirror


   Skills:
 + Level 12.7 Fighting
 + Level 14.4 Maces & Flails
 + Level 12.6 Armour
 + Level 7.1 Dodging
 + Level 4.2 Stealth
 + Level 10.7 Shields
 + Level 3.3 Unarmed Combat
 + Level 0.8 Shapeshifting


You had 14 spell levels left.
You didn't know any spells.
Your spell library was empty.

Dungeon Overview and Level Annotations

Branches:
Dungeon (13/15)            Temple (0/1) D:6            Lair (5/5) D:8
  Swamp (0/4) Lair:3       Spider (0/4) Lair:2        Slime (0/5) Lair:5
    Orc (2/2) D:10            Elf (0/3) Orc:2        Vaults (1/5) D:13

Altars:
Gozag
Vehumet
Yredelemnul
Jiyva

Shops:
D:7 (   Orc:1 *   Orc:2 (*=[=   Vaults:1 *

Annotations:
D:2 Jessica


Innate Abilities, Weirdness & Mutations

You are mostly covered in yellow scales. (AC +3)
A powerful demonic guardian rushes to your aid.
A meltable shield of frost defends you. (SH +0)


Message History

The boulder beetle looks even sicker.
The boulder beetle leaps!
The peacekeeper bites you but does no damage.
You block the peacekeeper's attack.
You hit the peacekeeper but do no damage.
The dire elephant is engulfed in poison gas.
The dire elephant looks as sick as possible!
A lindwurm comes into view.
The boulder beetle is engulfed in poison gas.
The boulder beetle looks even sicker.
The boulder beetle leaps!
The dire elephant is engulfed in poison gas.
The dire elephant looks as sick as possible!
The lindwurm roars!
You whack the peacekeeper!
The peacekeeper is lightly damaged.
The peacekeeper closely misses you. The peacekeeper claws you.
* * * LOW HITPOINT WARNING * * *
A demonic guardian appears!
You hit the peacekeeper.
The peacekeeper is moderately damaged.
The dire elephant is engulfed in poison gas.
The dire elephant looks as sick as possible!
The peacekeeper misses you. You block the peacekeeper's attack.
You hit the peacekeeper.
The peacekeeper is moderately damaged.
Your balrug gestures at the peacekeeper.
The peacekeeper is smitten.
You thrash the peacekeeper!!
You destroy the peacekeeper!
Trog accepts your kill.
The lindwurm is engulfed in poison gas.
The lindwurm is poisoned.
An ironbound thunderhulk comes into view.
It is wielding a +2 dire flail of draining.
The dire elephant looks as sick as possible!
Aiming: Throw Flame
Press: ? - help, Shift-Dir - straight line, f - ironbound thunderhulk
Aim: an ironbound thunderhulk, wielding a +2 dire flail of draining and wearing a +0 animal skin (77% to hit)
The puff of flame hits the lindwurm but does no damage.
The lindwurm is lightly wounded.
The lindwurm breathes flames at you. The blast of flame hits you!!
You die...

*,,,,,*,,*,,*,,*,,
#Y☼°O○#§,*,,*,,*,,
#§☼§§°☼,,*,,*,,*,,
#☼§k§°#,,*,,*,,*,,
#☼§§§°#*'**'*,,*,,
#§§§○§#,,,,,*,,*,,
#§§2§§#,,,,,*,,*,,
#§○○§☼#,,,,,*,,*,,
#@§§○§#,,,,,*,,*,,
#§☼☼○☼########**,,
#§§°§§§○§.....,,,,
#☼§§☼§☼°§.....,,,,
##############****


You could see a dire elephant (extremely poisoned), an ironbound thunderhulk, a
lindwurm (poisoned, catching breath, ally target) and a friendly balrug
(summoned).

Vanquished Creatures
  Gastronok (Lair:2)
  A vault warden (Vaults:1)
  An orc warlord (Orc:2)
  4 ironbound preservers (Vaults:1)
  A dire elephant (Vaults:1)
  An ettin (Orc:2)
  4 yaktaur captains (Vaults:1)
  5 hydras
  Erolcha (D:10)
  2 catoblepae (Lair:5)
  2 ironbound frosthearts (Vaults:1)
  A peacekeeper (Vaults:1)
  Erica (Orc:1)
  A two-headed ogre (shapeshifter) (D:13)
  4 boulder beetles
  A two-headed ogre (D:8)
  10 death yaks
  An orc high priest (Orc:2)
  Urug (Orc:1)
  Nergalle (D:11)
  A deep troll (Vaults:1)
  3 wizards (Vaults:1)
  4 orc knights
  3 lindwurms (Vaults:1)
  An ironbound convoker (Vaults:1)
  3 orc sorcerers
  4 ugly things
  7 cyclopes
  5 manticores
  4 elephants (Lair:5)
  A torpor snail (Lair:3)
  Maurice (Orc:1)
  5 black mambas
  3 vault sentinels (Vaults:1)
  10 cane toads
  Maggie (D:8)
  4 gargoyles
  3 rime drakes
  A kobold demonologist (D:9)
  10 komodo dragons
  2 yaktaurs (Vaults:1)
  A polar bear (Lair:2)
  5 trolls
  A hornet (D:10)
  Grinder (D:3)
  8 blink frogs
  3 dream sheep (Lair:3)
  A jumping spider (Lair:2)
  3 slime creatures
  A spriggan (shapeshifter) (D:13)
  2 shadows
  49 yaks
  The ghost of avis the Chopper, an amateur HOMo (D:3)
  3 wyverns
  3 steam dragons
  2 basilisks (Lair:2)
  A redback (Lair:2)
  A warg (Orc:2)
  A vampire mosquito (D:9)
  5 acid dragons
  12 water moccasins
  An ice beast (shapeshifter) (D:13)
  23 orc warriors
  3 black bears
  8 ogres
  6 wolves
  4 centaurs
  A phantom (D:5)
  Blork the orc (D:4)
  19 bullfrogs
  A kobold brigand (D:9)
  3 gnoll sergeants
  2 scorpions
  13 wights
  26 killer bees
  An electric eel (D:6)
  4 howler monkeys
  2 jellies (Lair:5)
  6 hounds
  2 gnoll boudas
  24 orc priests
  2 sleepcaps
  2 iguanas
  A scorpion zombie (D:3)
  4 hell rats (Lair:4)
  23 orc wizards
  26 gnolls
  6 adders
  A white imp (D:5)
  A howler monkey simulacrum (D:9)
  An ufetubus (D:5)
  An adder zombie (D:3)
  2 dart slugs
  3 worms
  65 orcs
  5 bats
  3 endoplasms
  2 giant cockroaches
  8 goblins
  4 hobgoblins
  2 quokkas (D:3)
  4 ball pythons
  2 frilled lizards
  12 kobolds
  8 rats
562 creatures vanquished.

Vanquished Creatures (collateral kills)
  2 dire elephants (Vaults:1)
  A boulder beetle (Lair:4)
  A catoblepas (Lair:5)
  A tengu warrior (D:9)
  2 death yaks (Lair:3)
  Sonja (Orc:1)
  2 deep trolls (Vaults:1)
  An orc knight (Orc:1)
  An ugly thing (D:13)
  2 cyclopes
  A yak (Lair:5)
  A vampire mosquito (D:9)
  2 wargs (Orc:1)
  An acid dragon (shapeshifter) (D:13)
  4 orc warriors
  A wolf (Lair:1)
  2 wights
  An orc priest (D:8)
  A sleepcap (D:6)
  A gnoll (D:7)
  A white imp (D:6)
  A dart slug (D:3)
  4 orcs
35 creatures vanquished.

Vanquished Creatures (others)
  An orc warrior (Orc:2)
  4 orcs (Orc:2)
5 creatures vanquished.

Grand Total: 602 creatures vanquished

Notes
Turn   | Place    | Note
-------+----------+-------------------------------------------
     0 | D:1      | KarmaKiller the Demonspawn Berserker began the quest for
                  | the Orb.
     0 | D:1      | Reached XP level 1. HP: 18/18 MP: 1/1
   184 | D:1      | Gained mutation: You are partially covered in yellow
                  | scales. (AC +2) [demonic ancestry]
   184 | D:1      | Reached XP level 2. HP: 24/24 MP: 2/2
  1240 | D:2      | Gained mutation: A weak demonic guardian rushes to your
                  | aid. [demonic ancestry]
  1240 | D:2      | Reached XP level 3. HP: 29/29 MP: 3/3
  1359 | D:2      | Noticed Jessica
  1359 | D:2      | You fall into a shaft and drop 2 floors!
  1360 | D:4      | Noticed a black bear
  1369 | D:4      | Killed a black bear
  1370 | D:4      | Reached skill level 1 in Maces & Flails
  1370 | D:4      | Gained mutation: You are mostly covered in yellow scales.
                  | (AC +3) [demonic ancestry]
  1370 | D:4      | Reached XP level 4. HP: 36/36 MP: 4/4
  1378 | D:4      | Reached ** piety under Trog
  1429 | D:3      | Noticed Grinder
  1439 | D:3      | Killed Grinder
  1440 | D:3      | Reached skill level 2 in Maces & Flails
  1440 | D:3      | Reached skill level 1 in Stealth
  1440 | D:3      | Reached XP level 5. HP: 42/42 MP: 5/5
  1440 | D:3      | Gained mutation: A demonic guardian rushes to your aid.
                  | [demonic ancestry]
  1440 | D:3      | Reached XP level 6. HP: 48/48 MP: 6/6
  1498 | D:3      | Found a runed translucent gate.
  1498 | D:3      | Found a runed translucent gate.
  1498 | D:3      | Found a runed translucent gate.
  1498 | D:3      | Noticed avis's ghost (amateur HOMo)
  1500 | D:3      | Found a basalt altar of Yredelemnul.
  1630 | D:3      | Killed avis's ghost
  1631 | D:3      | Reached skill level 3 in Maces & Flails
  1756 | D:3      | Found a faded altar of an unknown god.
  2234 | D:3      | Reached XP level 7. HP: 54/54 MP: 7/7
  2626 | D:4      | Reached skill level 4 in Maces & Flails
  2975 | D:4      | Noticed Blork the orc
  2987 | D:4      | Killed Blork the orc
  3217 | D:4      | Identified the +5 robe "Ifinoax" {Str+2 SInv}
  3621 | D:5      | Entered Level 5 of the Dungeon
  3722 | D:5      | Reached XP level 8. HP: 61/61 MP: 8/8
  3726 | D:5      | Reached skill level 5 in Maces & Flails
  4027 | D:5      | Reached skill level 5 in Fighting
  4144 | D:5      | Reached skill level 5 in Armour
  4721 | D:6      | Reached *** piety under Trog
  4732 | D:6      | Reached skill level 6 in Maces & Flails
  4936 | D:6      | Noticed a gargoyle
  4945 | D:6      | Killed a gargoyle
  4946 | D:6      | Reached XP level 9. HP: 68/69 MP: 9/9
  5213 | D:6      | Reached skill level 7 in Maces & Flails
  5732 | D:6      | Found a staircase to the Ecumenical Temple.
  6064 | D:6      | Found a radiant altar of Vehumet.
  6241 | D:7      | Found Teugih's Weapon Shop.
  6947 | D:8      | Reached skill level 8 in Maces & Flails
  6966 | D:8      | Noticed a two-headed ogre
  6977 | D:8      | Killed a two-headed ogre
  7059 | D:8      | Gained mutation: A meltable shield of frost defends you.
                  | (SH +0) [demonic ancestry]
  7059 | D:8      | Reached XP level 10. HP: 70/75 MP: 10/10
  7191 | D:8      | Reached skill level 9 in Maces & Flails
  7253 | D:8      | Noticed Maggie
  7267 | D:8      | Killed Maggie
  7733 | D:8      | Found a staircase to the Lair.
  8078 | Lair:1   | Entered Level 1 of the Lair of Beasts
  8078 | Lair:1   | Noticed a cane toad
  8093 | Lair:1   | Killed a cane toad
  8309 | Lair:1   | Reached skill level 1 in Shields
  8327 | Lair:1   | Reached skill level 10 in Maces & Flails
  8332 | Lair:1   | Reached **** piety under Trog
  8448 | Lair:1   | Noticed a black mamba
  8452 | Lair:1   | Killed a black mamba
  8453 | Lair:1   | Reached XP level 11. HP: 84/84 MP: 11/11
  8530 | Lair:1   | Noticed a boulder beetle
  8554 | Lair:1   | Killed a boulder beetle
  9095 | Lair:1   | Reached skill level 11 in Maces & Flails
 10126 | Lair:2   | Found a hole to the Spider Nest.
 10579 | Lair:2   | Noticed Gastronok
 10594 | Lair:2   | Killed Gastronok
 10680 | Lair:2   | Noticed a boulder beetle
 10702 | Lair:2   | Killed a boulder beetle
 10728 | Lair:2   | Reached XP level 12. HP: 66/94 MP: 12/12
 11131 | Lair:3   | Noticed a death yak
 11131 | Lair:3   | Noticed a death yak
 11148 | Lair:3   | Noticed a death yak
 11148 | Lair:3   | Noticed a death yak
 11148 | Lair:3   | Noticed a death yak
 11269 | Lair:3   | Killed a death yak
 11270 | Lair:3   | Reached skill level 12 in Maces & Flails
 11276 | Lair:3   | Killed a death yak
 11287 | Lair:3   | Killed a death yak
 11317 | Lair:3   | Killed a death yak
 11330 | Lair:3   | Killed a death yak
 11331 | Lair:3   | Reached skill level 5 in Dodging
 11633 | Lair:3   | Reached skill level 10 in Armour
 12058 | Lair:3   | Noticed a four-headed hydra
 12068 | Lair:3   | Killed a four-headed hydra
 12455 | Lair:3   | Reached skill level 10 in Fighting
 12455 | Lair:3   | Noticed a five-headed hydra
 12455 | Lair:3   | Noticed a six-headed hydra
 12466 | Lair:3   | Killed a five-headed hydra
 12470 | Lair:3   | Killed a six-headed hydra
 12552 | Lair:3   | Found a staircase to the Swamp.
 12709 | Lair:3   | You fall into a shaft and drop 2 floors!
 12709 | Lair:5   | Entered Level 5 of the Lair of Beasts
 12902 | Lair:5   | Noticed a seven-headed hydra
 12915 | Lair:5   | Killed a seven-headed hydra
 12916 | Lair:5   | Reached skill level 5 in Shields
 12916 | Lair:5   | Reached XP level 13. HP: 103/103 MP: 13/13
 13004 | Lair:5   | Upgraded the game from 0.31-a0-654-gbe3e110b4e to
                  | 0.31-a0-656-gb4d89c20fa
 13713 | Lair:5   | Reached skill level 13 in Maces & Flails
 13761 | Lair:5   | HP: 1/104 [death yak (19)]
 14841 | Lair:5   | Found a viscous altar of Jiyva.
 14848 | Lair:5   | Found a staircase to the Slime Pits.
 16851 | D:9      | Reached ***** piety under Trog
 16951 | D:9      | Found an opulent altar of Gozag.
 17248 | D:9      | Found the ring of the Tortoise {AC+8}
 17292 | D:9      | Received a gift from Trog
 17365 | D:9      | Identified the +0 scimitar of Eniaptig {spect, rPois Dex+3}
 18142 | D:10     | Entered Level 10 of the Dungeon
 18142 | D:10     | Noticed Erolcha
 18142 | D:10     | Found a staircase to the Orcish Mines.
 18152 | D:10     | Killed Erolcha
 18153 | D:10     | Gained mutation: A powerful demonic guardian rushes to your
                  | aid. [demonic ancestry]
 18153 | D:10     | Reached XP level 14. HP: 113/113 MP: 14/14
 18437 | D:10     | Identified 2 scrolls of acquirement
 19111 | Orc:1    | Entered Level 1 of the Orcish Mines
 19119 | Orc:1    | Noticed Maurice
 19135 | Orc:1    | Killed Maurice
 19265 | Orc:2    | Entered Level 2 of the Orcish Mines
 19348 | Orc:2    | Found a staircase to the Elven Halls.
 19558 | Orc:2    | Paralysed by an orc sorcerer for 3 turns
 19596 | Orc:2    | Noticed an orc warlord
 19906 | Orc:2    | Killed an orc warlord
 20562 | Orc:2    | Found Gecsop's Jewellery Shoppe.
 20565 | Orc:2    | Found Lasileg's Antique Weapon Shoppe.
 20579 | Orc:2    | Bought a glowing falchion for 186 gold pieces
 20579 | Orc:2    | Bought a glowing falchion for 186 gold pieces
 20616 | Orc:2    | Found Donnufas's Antique Armour Shoppe.
 20642 | Orc:2    | Found Ozanegro's General Store.
 20692 | Orc:2    | Found Linkois's Jewellery Emporium.
 20937 | Orc:1    | Noticed Erica
 20946 | Orc:1    | Killed Erica
 20961 | Orc:1    | Received a gift from Trog
 21032 | Orc:2    | Bought a shiny plate armour for 1066 gold pieces
 21087 | Orc:1    | Found Papusch's Assorted Antiques.
 21165 | Orc:1    | Noticed Sonja
 21179 | Orc:1    | Killed Sonja
 21396 | Orc:1    | Noticed Urug
 21410 | Orc:1    | Killed Urug
 21662 | Orc:1    | Paralysed by an orc sorcerer for 5 turns
 22889 | D:11     | Noticed Nergalle
 22915 | D:11     | Killed Nergalle
 23015 | D:11     | Reached skill level 14 in Maces & Flails
 24257 | D:12     | Upgraded the game from 0.31-a0-656-gb4d89c20fa to
                  | 0.31-a0-662-g684573625c
 24851 | D:13     | a satyr changed into a broodmother
 24851 | D:13     | Noticed a broodmother (glowing shapeshifter)
 24854 | D:13     | a broodmother changed into something unseen
 25090 | D:13     | Found a gate to the Vaults.
 25372 | Vaults:1 | Entered Level 1 of the Vaults
 25378 | Vaults:1 | Found Cimetoa's Assorted Antiques.
 25630 | Vaults:1 | Reached XP level 15. HP: 121/121 MP: 15/15
 25852 | Vaults:1 | Reached skill level 10 in Shields
 26374 | Vaults:1 | Noticed a vault warden
 26381 | Vaults:1 | Killed a vault warden
 26490 | Vaults:1 | HP: 4/122 [ironbound convoker/+0 dire flail (4)]
 26536 | Vaults:1 | HP: 1/122 [acid[a wizard] (10)]
 26561 | Vaults:1 | Killed from afar by a lindwurm

Illustrated notes

Levels and vault maps discovered:
D:1:      eino_arrival_water_star, layout_loops_ring
D:2:      layout_basic, uniq_jessica
D:3:      layout_basic, nicolae_yredelemnul_ghost_church, serial_glass,
          glass_columns_b, glass_columns_b,
          shapermc_ecumenical_altar_notcrosses, uniq_grinder
D:4:      layout_gridville, uniq_blork_the_orc
D:5:      layout_loops_ring, mainiacjoe_overflow_brackets,
          corexii_hall_statues_l
D:6:      kennysheep_big_flooded_room, layout_cave_pools,
          mainiacjoe_overflow_alcove_1, temple_hall_moat
D:7:      layout_basic, serial_shops, nicolae_shop_real_fake_doors
D:8:      layout_loops_ring, lair_entry_dummy, hangedman_decor_clover_reticule,
          uniq_maggie
D:9:      minmay_the_grid_triangle_9x9_recursive_2_mashed
          [minmay_the_grid_triangle_9x9_prize_insulated,
          minmay_the_grid_triangle_9x9_limited_checkers,
          minmay_the_grid_triangle_9x9_corruption,
          minmay_the_grid_triangle_9x9_cache], layout_basic,
          grunt_gozag_statues, enter_bailey_7, amcnicky_mini_corridor_feature
D:10:     layout_cross, orc_0_dummy, serial_gnoll_camp, gnoll_camp_mini_house,
          gnoll_camp_mini_loothouse, gnoll_camp_mini_house,
          gnoll_camp_mini_sergeant, uniq_erolcha
D:11:     layout_irregular_city, uniq_nergalle
D:12:     layout_rooms, hangedman_abyss_or_decor_clamps
D:13:     layout_rooms, david_vaults_2
Lair:1:   layout_regular_city
Lair:2:   layout_cave_pods, spider_nest_entry_a, infiniplex_staircase_pool_2,
          uniq_gastronok
Lair:3:   cheibrodos_lair_river_kwai, layout_cave_shapes,
          palyth_hydra_swamp_entry, grunt_megastairs_2
Lair:4:   layout_cave_pods, portal_ice_cave_rime, gauntlet_entry_generic
Lair:5:   evilmike_catoblepas_cave, layout_gridlike, minmay_slime_entry_pillars,
          serial_bayou_shore_b
Orc:1:    layout_diamond_mine, serial_shops, nicolae_shop_overgrown_old_shop,
          uniq_maurice, uniq_erica, uniq_urug, uniq_sonja
Orc:2:    grunt_orc_cross, layout_caves, serial_shops, shop, basic_altar
Vaults:1: hangedman_vaults_stream, st_spiral_rooms,
          nicolae_vaults_offset_grid_hallway_2, vaults_mumra_hex, v_misc_23,
          vaults_room_stairs_pillars, vaults_room_pools,
          nicolae_vaults_offset_grid_hallway_4, vaults_room_door_hall,
          nicolae_vaults_weapon_check, nicolae_vaults_asterisk,
          nicolae_vaults_closet_pinwheel_5, ontoclasm_vaults_gateway,
          nicolae_vaults_rhombus_5, layout_vaults_omnibox, serial_shops,
          nicolae_square_shop

Skill      XL: |  1  2  3  4  5  6  7  8  9 10 11 12 13 14 15 |
---------------+----------------------------------------------+-----
Unarmed Combat | 3 |  3.3
Armour         | 2 3 4 5 7 8 9 10 11 12 | 12.6
Dodging        | 2 3 4 5 6 7 |  7.1
Maces & Flails | 1 2 3 4 6 8 10 11 12 13 14 | 14.4
Fighting       | 4 5 6 7 8 10 11 12 | 12.7
Stealth        | 1 2 3 4 |  4.2
Shields        | 1 3 5 7 9 10 | 10.7
Shapeshifting  | |  0.8

Action                     |  1- 3 |  4- 6 |  7- 9 | 10-12 | 13-15 || total
---------------------------+-------+-------+-------+-------+-------++-------
  Melee: Club              |    72 |       |       |       |       ||    72
         Unarmed           |     6 |       |       |       |       ||     6
         Whip              |    28 |   112 |       |       |       ||   140
         Punch             |     2 |     2 |     7 |     9 |       ||    20
         Flail             |       |     5 |    70 |       |       ||    75
         Demon whip        |       |       |   218 |   663 |  1509 ||  2390
 Invoke: Berserk           |     3 |     2 |    13 |    21 |    38 ||    77
  Evoke: Wand              |       |       |       |       |     3 ||     3
    Use: Scroll            |     3 |       |     6 |    16 |    20 ||    45
         Potion            |       |       |       |     6 |    14 ||    20
   Stab: Sleeping          |     1 |       |       |       |       ||     1
         Petrified         |       |       |       |       |     4 ||     4
         Distracted        |       |       |       |       |     2 ||     2
         Invisible         |       |       |       |       |     8 ||     8
 Armour: Animal skin       |    30 |       |       |       |       ||    30
         Chain mail        |    36 |    53 |   130 |   124 |   184 ||   527
         Plate armour      |       |       |       |       |   477 ||   477
  Dodge: Dodged            |    64 |    43 |   162 |   213 |  1199 ||  1681
  Block: Other             |       |       |       |    39 |       ||    39
         Buckler           |       |       |       |   105 |  1007 ||  1112
         Form:             |       |       |     3 |       |       ||     3
         Beast             |       |       |     3 |       |       ||     3

Table legend: (Time is in decaauts)
 A = Elapsed time spent in this place.
 B = Non-inter-level travel time spent in this place.
 C = Inter-level travel time spent in this place.
 D = Time resting spent in this place.
 E = Time spent auto-exploring this place.
 F = Levels seen in this place.
 G = Mean time per level.
                   A        B        C        D        E       F      G
               +--------+--------+--------+--------+--------+-----+--------+
         Total |  26204 |  25876 |    328 |   6729 |      4 |  21 | 1247.8 |
       Dungeon |  13811 |  13635 |    176 |   2595 |      4 |  13 | 1062.4 |
          Lair |   8294 |   8169 |    125 |   2545 |      0 |   5 | 1658.8 |
  Orcish Mines |   2987 |   2960 |     27 |   1129 |      0 |   2 | 1493.5 |
        Vaults |   1111 |   1111 |      0 |    459 |      0 |   1 | 1111.0 |
               +--------+--------+--------+--------+--------+-----+--------+

Top non-repeatable levels by time:
  Lair:5: 2349 daAuts
  Lair:2: 1805 daAuts
   Orc:1: 1781 daAuts
  Lair:3: 1546 daAuts
     D:9: 1506 daAuts
     D:6: 1402 daAuts
  Lair:1: 1374 daAuts
    D:11: 1370 daAuts
     D:4: 1236 daAuts
  Lair:4: 1219 daAuts
   Orc:2: 1205 daAuts
     D:8: 1201 daAuts
     D:5: 1195 daAuts
Vaults:1: 1111 daAuts
     D:3: 1079 daAuts
